AoeStats
← neiverrrr

Arena

509206430Analyzed
1v1 RM · 8d ago on Sep 25, 2026· 49m 0s· 2 players
Game mode
Random Map
Map size
Tiny (2 player)
Population
200
Speed
Normal
Resources
Standard
Victory
Conquest
Starting age
Dark Age
Ending age
Imperial Age
RankedLock teamsTeams togetherTeam positionsShared explorationLock speedFull tech treeHidden civsTurbo modeCheats
Victory
Defeat
🇷🇸 Bohemians · Serbia
914
+16
🇪🇸 Byzantines · Spain
907
-32
neiverrrr
4:06 Loom
15:25 Feudal Age
17:20 Horse Collar
17:28 Double-Bit Axe
20:31 Castle Age
21:26 Scale Mail Armor
23:59 Gold Mining
25:33 Forging
26:17 Bow Saw
26:12 Heavy Plow
27:14 Gold Shaft Mining
26:33 Stone Mining
28:23 Iron Casting
28:04 Chain Mail Armor
30:06 Stone Shaft Mining
30:45 Scale Barding Armor
36:07 Imperial Age
36:13 Chain Barding Armor
37:36 Plate Barding Armor
40:44 Wheelbarrow
41:17 Ballistics
42:39 Chemistry
46:03 Hand Cart
CVIJA
11:10 Feudal Age
15:29 Castle Age
14:08 Double-Bit Axe
20:21 Horse Collar
21:53 Bow Saw
23:19 Sanctity
23:24 Loom
26:25 Wheelbarrow
25:36 Town Watch
28:49 Hand Cart
31:06 Chemistry
30:45 Heavy Plow
31:03 Padded Archer Armor
32:03 Leather Archer Armor
35:14 Imperial Age
35:32 Wagenburg Tactics
36:18 Siege Engineers
37:33 Conscription
39:26 Ring Archer Armor
39:06 Forging
39:02 Heavy Scorpion
39:05 Houfnice
41:03 Scale Mail Armor
41:38 Iron Casting
40:49 Pikeman
41:30 Squires
42:15 Halberdier
43:16 Chain Mail Armor
44:02 Blast Furnace
42:29 Halberdier
44:01 Hussite Reforms
44:59 Plate Mail Armor
Connection lost

Rejoining the realm…

Still unreachable

The connection could not be restored.

Session expired

The server has moved on; the page needs a fresh start.